 Dungeon Crawl Stone Soup version 0.30-a0-782-ge64f9170bb (webtiles) character file.

Game seed: 9885277321450092195

60 Dirtsage the Slasher (level 3, -2/29 HPs)
             Began as a Demonspawn Fighter on Feb 27, 2023.
             Slain by Robin
             ... wielding a +0 spear
              (5 damage)
             ... on level 2 of the Dungeon.
             The game lasted 00:03:38 (1639 turns).

Dirtsage the Slasher (Demonspawn Fighter)           Turns: 1639, Time: 00:03:39

Health: -2/29      AC: 13    Str: 16    XL:     3   Next: 80%
Magic:  3/3        EV:  8    Int:  9    God:
Gold:   104        SH:  4    Dex: 14    Spells: 2/2 levels left

rFire   . . .      SeeInvis .    a - +0 long sword
rCold   . . .      Faith    .    c - +0 buckler
rNeg    . . .      Spirit   .    b - +0 scale mail
rPois   .          Reflect  .    (no helmet)
rElec   .          Harm     .    i - +0 cloak
rCorr   .          Rampage  .    (no gloves)
Will    .....                    (no boots) Stlth
                                 (no amulet)
HPRegen 0.24/turn                (no ring)
MPRegen 0.08/turn                (no ring)

@: sanguine armoured
A: sanguine armour 1
a: no special abilities


You were on level 2 of the Dungeon.
You visited 1 branch of the dungeon, and saw 2 of its levels.

You collected 104 gold pieces.

Inventory:

Hand Weapons
 a - a +0 long sword (weapon)
Armour
 b - a +0 scale mail (worn)
 c - a +0 buckler (worn)
 i - a +0 cloak (worn)
Jewellery
 n - a +6 ring of strength
 o - a ring of magical power
Wands
 l - a wand of flame (24)
Scrolls
 e - a scroll of enchant armour {unknown}
 f - a scroll of poison {unknown}
 h - a scroll of blinking {unknown}
 m - 2 scrolls of identify {unknown}
 p - a scroll of fear {unknown}
Potions
 d - 2 potions of might
 g - 4 potions of degeneration {unknown}
 j - a potion of curing {unknown}
 k - a potion of flight {unknown}


   Skills:
 - Level 3.0 Fighting
 + Level 3.8 Long Blades
 - Level 2.6 Armour
 - Level 2.6 Shields


You had 2 spell levels left.
You didn't know any spells.
Your spell library was empty.

Dungeon Overview and Level Annotations

Branches:
Dungeon (2/15)

Altars:

Shops:
D:2 [

Annotations:
D:2 Robin


Innate Abilities, Weirdness & Mutations

When seriously injured, your blood forms armour. (AC +6)


Message History

You slash the hobgoblin!
You kill the hobgoblin!
Robin hits you but does no damage.
You barely miss the goblin. Robin hits you but does no damage.
The goblin closely misses you. Robin closely misses you.
The goblin barely misses you.
You closely miss the goblin.
The goblin no longer looks unusually strong.
The goblin barely misses you. Robin closely misses you.
You closely miss the goblin. The goblin hits you but does no damage.
Robin throws the goblin at you!
You barely miss the hobgoblin.
Robin roars a battlecry!
The goblin goes into a battle-frenzy!
The goblin hits you but does no damage. You block the hobgoblin's attack.
Robin hits you from afar with a +0 spear.
The hobgoblin hits you.
* * * LOW HITPOINT WARNING * * *
The goblin hits you with a +0 dagger.
* * * LOW HITPOINT WARNING * * *
You take 5 damage, and have 6/29 hp.
You barely miss the goblin. The goblin closely misses you.
The hobgoblin hits you but does no damage.
Robin barely misses you.
You barely miss the goblin. The goblin hits you but does no damage.
Robin hits you but does no damage. The hobgoblin barely misses you.
You closely miss the goblin. You block the goblin's attack.
Robin hits you but does no damage. The hobgoblin hits you.
* * * LOW HITPOINT WARNING * * *
You take 3 damage, and have 3/29 hp.
You barely miss the goblin. Robin barely misses you. The goblin misses you.
You block the hobgoblin's attack.
You slash the goblin!
You kill the goblin!
Robin hits you from afar with a +0 spear.
* * * LOW HITPOINT WARNING * * *
The hobgoblin closely misses you.
The hobgoblin hits you but does no damage.
Robin hits you from afar with a +0 spear.
You die...

#....#### #....#
#....######### ##########
#....#.......# #........#
#....#.).....# #........#
#....#.......# #........#
#....#.......#
#.......g###....#.......###
#........g@)....)..........
#........###...รท#.......#..
#........# ######.......#..
######'### #########.. ...#
#.....##.. .....
####+###'##.. ......
#............ ......#
#.........>.. .....###
#............


You could see Robin and a hobgoblin (strong).

Vanquished Creatures
  2 worms (D:2)
  2 ball pythons (D:2)
  4 endoplasms (D:1)
  2 giant cockroaches
  13 goblins
  4 hobgoblins
  7 jackals (D:1)
  6 bats
  A frilled lizard (D:1)
  A kobold (D:2)
  6 rats
48 creatures vanquished.

Vanquished Creatures (others)
  A plant (D:1)
1 creature vanquished.

Grand Total: 49 creatures vanquished

Notes
Turn   | Place    | Note
-------+----------+-------------------------------------------
     0 | D:1      | Dirtsage the Demonspawn Fighter began the quest for the
                  | Orb.
     0 | D:1      | Reached XP level 1. HP: 18/18 MP: 1/1
   340 | D:1      | Gained mutation: When seriously injured, your blood forms
                  | armour. (AC +6) [demonic ancestry]
   340 | D:1      | Reached XP level 2. HP: 22/24 MP: 2/2
  1226 | D:2      | Reached XP level 3. HP: 25/29 MP: 3/3
  1397 | D:2      | Found Nuosyrar's Antique Armour Shop.
  1591 | D:2      | Noticed Robin
  1639 | D:2      | Slain by Robin

Illustrated notes

Levels and vault maps discovered:
D:1:      minmay_arrival_three_doors, layout_loops_corners, serial_bayou,
          serial_bayou_shore_a, serial_bayou_shore_b, serial_bayou_pond_a,
          serial_bayou_pond_d, serial_bayou_crossing, serial_bayou_pond_d,
          minivault_5, minmay_small_reverse_x
D:2:      layout_basic, serial_shops, shop, uniq_robin

Skill      XL: |  1  2 |
---------------+-------+-----
Long Blades    | 2 3 |  3.8
Fighting       | |  3.0
Armour         | |  2.6
Shields        | |  2.6

Action                     || total
---------------------------++-------
  Melee: Long sword        ||   161
 Armour: Scale mail        ||   114
  Dodge: Dodged            ||    71
  Block: Buckler           ||    54

Table legend: (Time is in decaauts)
 A = Elapsed time spent in this place.
 B = Non-inter-level travel time spent in this place.
 C = Inter-level travel time spent in this place.
 D = Time resting spent in this place.
 E = Time spent auto-exploring this place.
 F = Levels seen in this place.
 G = Mean time per level.
                   A        B        C        D        E       F      G
               +--------+--------+--------+--------+--------+-----+--------+
         Total |   1706 |   1683 |     23 |      0 |   1369 |   2 |  853.0 |
       Dungeon |   1706 |   1683 |     23 |      0 |   1369 |   2 |  853.0 |
               +--------+--------+--------+--------+--------+-----+--------+

Top non-repeatable levels by time:
     D:1: 1196 daAuts
     D:2: 510 daAuts
